AoeStats
← Rafaelbdoo

Arabia

504943630Analyzed
1v1 RM · 26d ago on Sep 7, 2026· 67m 59s· 2 players
Game mode
Random Map
Map size
Tiny (2 player)
Population
200
Speed
Normal
Resources
Standard
Victory
Conquest
Starting age
Dark Age
Ending age
Imperial Age
RankedLock teamsTeams togetherTeam positionsShared explorationLock speedFull tech treeHidden civsTurbo modeCheats
Victory
Defeat
🇨🇳 Lithuanians · China
801
+17
🇧🇷 Inca · Brazil
820
-41
二两
6:45 Loom
9:27 Feudal Age
10:57 Double-Bit Axe
12:59 Horse Collar
18:21 Wheelbarrow
21:27 Castle Age
20:44 Scale Barding Armor
20:50 Scale Barding Armor
20:55 Forging
21:38 Fletching
23:02 Husbandry
23:13 Bloodlines
24:33 Iron Casting
24:08 Bow Saw
25:15 Thumb Ring
28:03 Heavy Plow
28:22 Elite Skirmisher
30:17 Chain Barding Armor
32:18 Hand Cart
32:40 Gold Mining
32:41 Stone Mining
33:43 Bodkin Arrow
33:49 Padded Archer Armor
37:40 Imperial Age
34:57 Town Watch
36:31 Treadmill Crane
36:47 Murder Holes
39:27 Conscription
39:10 Tower Shields
38:34 Elite Leitis
38:38 Cavalier
38:42 Heavy Cavalry Archer
40:34 Chemistry
41:14 Hill Forts
40:39 Paladin
42:14 Light Cavalry
45:33 Plate Barding Armor
44:59 Bracer
45:14 Leather Archer Armor
45:24 Ballistics
45:15 Fortified Wall
45:16 Masonry
48:22 Fervor
48:32 Sanctity
48:14 Devotion
52:39 Hoardings
51:25 Elite Leitis
52:52 Stone Shaft Mining
52:22 Town Patrol
53:27 Two-Man Saw
53:02 Crop Rotation
53:07 Architecture
59:11 Ring Archer Armor
59:17 Faith
58:41 Winged Hussar
Rafaelbdoo
10:41 Feudal Age
11:13 Double-Bit Axe
11:17 Horse Collar
16:26 Forging
19:56 Scale Mail Armor
23:40 Castle Age
23:54 Gold Mining
23:57 Stone Mining
24:45 Wheelbarrow
23:59 Pikeman
26:17 Squires
28:36 Iron Casting
28:55 Hand Cart
29:48 Padded Archer Armor
30:22 Bow Saw
31:27 Gold Shaft Mining
31:31 Stone Shaft Mining
31:27 Heavy Plow
31:48 Chain Mail Armor
31:16 Elite Skirmisher
34:15 Fletching
35:49 Loom
35:52 Town Watch
36:06 Bodkin Arrow
36:14 Andean Sling
38:04 Leather Archer Armor
37:24 Champi Runner
40:37 Imperial Age
38:10 Town Patrol
38:09 Champi Warrior
38:37 Arson
40:50 Thumb Ring
40:43 Capped Ram
40:45 Heavy Scorpion
40:49 Halberdier
40:52 Elite Champi Warrior
42:36 Hoardings
42:35 Crop Rotation
43:09 Blast Furnace
42:40 Plate Mail Armor
42:12 Bracer
42:35 Siege Ram
42:58 Elite Kamayuk
44:37 Conscription
46:01 Fabric Shields
47:21 Ring Archer Armor
58:54 Murder Holes
61:07 Treadmill Crane
61:48 Guilds
Connection lost

Rejoining the realm…

Still unreachable

The connection could not be restored.

Session expired

The server has moved on; the page needs a fresh start.